 Dungeon Crawl Stone Soup version 0.27.1-33-g824d729ab1 (console) character file.

Game seed: 16860924675129414557

668 Banquo the Chopper (level 7, -6/78 HPs)
             Began as a Djinni Berserker on Dec 21, 2021.
             Was a Priest of Trog.
             Mangled by a thrashing horror (11 damage)
             ... on level 1 of the Abyss on Dec 22, 2021.
             The game lasted 00:10:25 (5682 turns).

Banquo the Chopper (Djinni Berserker)               Turns: 5682, Time: 00:10:25

Health: -6/78      AC:  7    Str: 18    XL:     7   Next: 88%
Gold:   271        EV: 10    Int:  8    God:    Trog [***...] SH:  0 Dex: 13

rFire    + + +     SeeInvis .   a - +0 hand axe
rCold    x . .     Faith    .   (no shield)
rNeg     . . .     Spirit   .   j - +0 scale mail
rPois    ∞         Reflect  .   (no helmet)
rElec    .         Harm     .   (no cloak)
rCorr    .         Rampage  .   (no gloves)
Will     .....                  (boots unavailable)
Stlth    ..........             (no amulet)
HPRegen  0.23/turn              r - ring of protection from fire
MPRegen  0.00/turn              (no ring)

@: berserking (expiring), flying, very quick
A: sickness immunity, fire resistance 2, cold vulnerability 1, float, innate
caster, hp casting, extra vitality 1
a: Renounce Religion, Berserk, Trog's Hand


You were on level 1 of the Abyss.
You worshipped Trog.
Trog was most pleased with you.
You visited 1 branch of the dungeon, and saw 5 of its levels.
You visited the Abyss 1 time.

You collected 271 gold pieces.

Inventory:

Hand Weapons
 a - a +0 hand axe (weapon)
 d - a +0 trident
 p - a +0 spear
Missiles
 h - 134 stones (quivered)
Armour
 b - a +0 animal skin
 f - a +0 ring mail
 j - a +0 scale mail (worn)
Magical Staves
 o - a staff of cold
Jewellery
 r - a ring of protection from fire (left hand)
Scrolls
 c - 2 scrolls of teleportation {unknown}
 e - a scroll of silence {unknown}
 g - 5 scrolls of identify {unknown}
 i - a scroll of immolation {unknown}
 l - 3 scrolls of blinking {unknown}
 m - a scroll of noise {unknown}
Potions
 k - a potion of haste {unknown}
 n - a potion of flight {unknown}
 q - a potion of brilliance {unknown}


   Skills:
 + Level 4.1 Fighting
 * Level 5.8 Axes
 + Level 3.9 Armour
 + Level 3.0 Dodging


You couldn't memorise any spells.
You knew the following spells:

 Your Spells              Type           Power      Damage    Failure   Level
a - Magic Dart            Conj           0%         1d3       78%         1
b - Searing Ray           Conj           0%         3d3       89%         2
c - Mephitic Cloud        Conj/Pois/Air  0%         N/A       98%         3
Your spell library was empty.

Dungeon Overview and Level Annotations

Branches:
Dungeon (5/15)
 Temple: D:4-7

Altars:
Trog


Innate Abilities, Weirdness & Mutations

You are immune to sickness and miasma.
You are immune to poison.
Your flesh is very heat resistant. (rF++)
You are vulnerable to cold. (rC-)
You float through the air rather than walking.
You learn spells naturally, not from books.
Your magical power is your life essence.
You have superior vitality. (+4 HP)


Message History

The starcursed mass shudders and is absorbed by its neighbour.
The thrashing horror tramples you but does no damage.
The thrashing horror closely misses you.
A starcursed mass splits.
A chorus of shrieks assaults your mind.
You hit the thrashing horror.
The thrashing horror is lightly damaged.
You hit the starcursed mass but do no damage.
The thrashing horror tramples you!
* * * LOW HITPOINT WARNING * * *
You hold your ground!
The thrashing horror tramples you.
* * * LOW HITPOINT WARNING * * *
You hold your ground!
You hit the thrashing horror.
The thrashing horror is lightly damaged.
You hit the starcursed mass but do no damage.
The thrashing horror closely misses you.
The thrashing horror tramples you.
* * * LOW HITPOINT WARNING * * *
You hold your ground!
A starcursed mass splits. x2
You hit the starcursed mass.
The starcursed mass is lightly damaged.
You hit the starcursed mass.
The starcursed mass shudders and is absorbed by its neighbour. x2
You hit the thrashing horror.
The thrashing horror is lightly damaged.
The thrashing horror tramples you!
* * * LOW HITPOINT WARNING * * *
You hold your ground!
The thrashing horror tramples you.
* * * LOW HITPOINT WARNING * * *
You hold your ground!
A starcursed mass splits.
You slash the thrashing horror!
The thrashing horror is moderately damaged.
The thrashing horror tramples you but does no damage.
The thrashing horror barely misses you.
A starcursed mass splits. x2
You hit the starcursed mass.
The starcursed mass is moderately damaged.
The starcursed mass shudders and is absorbed by its neighbour.
The thrashing horror tramples you!
You die...

# .X #..### . .$..
..#....# .# #..
#..#... # .. #. #
..#.#. .. #.
##...#...##. #..
...#..##.XX..##..##
.....##XX## .# .#
#..#.#.##. ...
#####@..#.... .#
#...X...# ..# .##
#.#.#..#..#.#. .##
#.#.......#..#..
#...#.#. .##..# #
........#.....#.
..####... ..##. ##
#. ......##.## ...#
. ##


You could see 4 starcursed masses and a thrashing horror.

Vanquished Creatures
  A water moccasin (D:4)
  An ogre (D:4)
  A scorpion (D:4)
  A wyvern skeleton (D:5)
  A jelly (D:4)
  A hound (D:4)
  A centaur skeleton (D:4)
  Jessica (D:3)
  2 iguanas
  An orc wizard (D:4)
  4 gnolls (D:4)
  3 adders
  An adder skeleton (D:4)
  A worm (D:2)
  2 dart slugs
  7 orcs
  6 endoplasms
  5 giant cockroaches
  9 goblins
  9 hobgoblins
  6 jackals (D:3)
  6 kobolds
  11 ball pythons
  8 bats
  2 frilled lizards
  4 rats
95 creatures vanquished.

Notes
Turn   | Place    | Note
-------+----------+-------------------------------------------
     0 | D:1      | Banquo the Djinni Berserker began the quest for the Orb.
     0 | D:1      | Reached XP level 1. HP: 20/20 MP: 0/0
   164 | D:1      | Reached XP level 2. HP: 15/25 MP: 0/0
   785 | D:1      | Found a faded altar of an unknown god.
   809 | D:1      | Reached skill level 3 in Axes
   899 | D:1      | Reached XP level 3. HP: 18/30 MP: 0/0
   899 | D:1      | Learned a level 1 spell: Magic Dart
  1580 | D:2      | Reached ** piety under Trog
  2427 | D:2      | Reached XP level 4. HP: 35/35 MP: 0/0
  3057 | D:3      | Noticed Jessica
  3072 | D:3      | Killed Jessica
  3073 | D:3      | Reached XP level 5. HP: 29/40 MP: 0/0
  3073 | D:3      | Learned a level 2 spell: Searing Ray
  3439 | D:3      | Found a bloodstained altar of Trog.
  3501 | D:3      | Reached skill level 4 in Axes
  3733 | D:4      | Noticed a water moccasin
  3776 | D:4      | Reached XP level 6. HP: 14/46 MP: 0/0
  4017 | D:3      | Reached *** piety under Trog
  4402 | D:4      | Killed a water moccasin
  4403 | D:4      | Reached skill level 5 in Axes
  4463 | D:4      | Reached XP level 7. HP: 51/51 MP: 0/0
  4463 | D:4      | Learned a level 3 spell: Mephitic Cloud
  5408 | D:5      | Entered Level 5 of the Dungeon
  5639 | D:5      | Cast into level 1 of the Abyss (orc)
  5664 | Abyss:1  | Noticed a starcursed mass
  5667 | Abyss:1  | Noticed a thrashing horror
  5682 | Abyss:1  | Mangled by a thrashing horror

Illustrated notes

Levels and vault maps discovered:
D:1:      minmay_arrival_checkered_box, layout_basic,
          dreamdust_ecumenical_altar_grove, minmay_unequal
D:2:      layout_basic, grunt_decor_mini_mirrors
D:3:      layout_loops_cross, old_standard_altar, minmay_misc_feat_enclosed,
          minmay_misc_feat_alley, uniq_jessica
D:4:      layout_basic
D:5:      layout_basic, minmay_temple_entry_grid,
          nicolae_ossuary_entry_monument, serial_park_tiny_1, uniq_duvessa,
          uniq_grinder, uniq_crazy_yiuf_cottage
Abyss:1:  base:
D:3

Skill      XL: |  1  2  3  4  5  6  7 |
---------------+----------------------+-----
Axes           | 3 4 5 |  5.8
Armour         | 3 |  3.9
Fighting       | 4 |  4.1
Dodging        | 3 |  3.0

Action                   |  1- 3 |  4- 6 |  7- 9 || total
-------------------------+-------+-------+-------++-------
Melee: Hand axe          |   142 |   146 |    83 ||   371
Invok: Berserk           |       |     4 |     4 ||     8
Armor: Animal skin       |    15 |       |       ||    15
       Ring mail         |    32 |       |       ||    32
       Scale mail        |     3 |    63 |    37 ||   103
Dodge: Dodged            |    89 |    80 |    43 ||   212
